 Dungeon Crawl Stone Soup version 0.24-a0-235-g3f03afc (webtiles) character file.

Game seed: 7809359107622985612

83511 Firecrotchwizard the Spear-Bearer (level 15, -4/136 HPs)
             Began as a Centaur Gladiator on Apr 6, 2019.
             Was the Champion of Wu Jian.
             Slain by a troll (5 damage)
             ... on level 2 of the Orcish Mines on Apr 7, 2019.
             The game lasted 01:13:39 (29702 turns).

Firecrotchwizard the Spear-Bearer (CeGl)           Turns: 29702, Time: 01:13:40

Health: -4/136     AC: 21    Str: 27    XL:     15   Next: 32%
Magic:  21/21      EV:  9    Int: 10    God:    Wu Jian [******]
Gold:   1580       SH: 11    Dex: 11    Spells: 14/14 levels left

rFire    + . .     SeeInvis .   c - +3 demon trident (pierce)
rCold    + . .     Gourm    .   N - +0 shield
rNeg     . . .     Faith    .   P - +4 ring mail of Rationality {rPois rC+ Str+4 Stlth-}
rPois    +         Spirit   .   y - +2 helmet {Int+3}
rElec    .         Reflect  .   L - +1 cloak
rCorr    .         Harm     .   t - +2 pair of gloves
MR       ++...                  (no barding)
Stlth    ..........             v - amulet of the acrobat
HPRegen  0.32/turn              X - ring of protection from magic {MR+, !d}
MPRegen  0.17/turn              Q - ring of protection from fire {rF+, !d}

@: very quick
A: large, hooves 3, deformed body, speed 2, tough skin 3
a: Wall Jump, Serpent's Lash, Heavenly Storm, Renounce Religion


You were on level 2 of the Orcish Mines.
You worshipped Wu Jian.
Wu Jian was exalted by your worship.
You were hungry.

You visited 3 branches of the dungeon, and saw 23 of its levels.
You also visited: Sewer and Gauntlet.

You collected 1960 gold pieces.
You spent 380 gold pieces at shops.

Inventory:

Hand Weapons
 c - a +3 demon trident of piercing (weapon)
   (You took it off Urug on level 10 of the Dungeon)
 h - a +2 trident of protection
   (You took it off an orc on level 10 of the Dungeon)
Missiles
 d - 5 throwing nets {=f, !d}
 q - 17 javelins (quivered)
Armour
 t - a +2 pair of gloves (worn)
   (You found it on level 2 of the Dungeon)
 y - a +2 helmet of intelligence (worn)
   (You found it on level 10 of the Dungeon)
 L - a +1 cloak (worn)
   (You bought it in a shop on level 13 of the Dungeon)
 N - a +0 shield (worn)
   (You found it on level 12 of the Dungeon)
 P - the +4 ring mail of Rationality (worn) {rPois rC+ Str+4 Stlth-}
   (You found it in a Gauntlet)

   It affects your strength (+4).
   It protects you from cold.
   It protects you from poison.
   It makes you less stealthy.
Jewellery
 v - an amulet of the acrobat (around neck)
   (You found it on level 2 of the Dungeon)
 I - an uncursed ring of positive energy {rN+}
   (You found it on level 5 of the Dungeon)
 Q - a ring of protection from fire (right hand) {rF+, !d}
   (You found it on level 4 of the Lair of Beasts)
 V - an uncursed ring of poison resistance {rPois, !d}
   (You found it on level 2 of the Lair of Beasts)
 X - a ring of protection from magic (left hand) {MR+, !d}
   (You found it on level 6 of the Lair of Beasts)
Wands
 b - a wand of paralysis (8)
   (You found it on level 9 of the Dungeon)
 p - a wand of acid (9)
   (You found it on level 1 of the Lair of Beasts)
 u - a wand of flame (24)
   (You took it off Maurice on level 1 of the Orcish Mines)
 w - a wand of random effects (32)
   (You took it off Ijyb on level 5 of the Dungeon)
 C - a wand of enslavement (17)
   (You found it on level 4 of the Dungeon)
 G - a wand of disintegration (10)
   (You found it on level 1 of the Lair of Beasts)
 K - a wand of polymorph (6)
   (You found it in a Gauntlet)
 M - a wand of iceblast (42)
   (You found it on level 7 of the Dungeon)
 T - a wand of digging (10)
   (You found it in a Gauntlet)
Scrolls
 e - 4 scrolls of identify
 g - 3 scrolls of amnesia
 i - 9 scrolls of remove curse
 l - 12 scrolls of teleportation
 o - 3 scrolls of magic mapping {!r}
 r - 4 scrolls of blinking {!r}
 x - 4 scrolls of fog
 A - 5 scrolls of fear
 U - 2 scrolls of enchant weapon
Potions
 a - a potion of mutation {!q}
 j - 4 potions of agility
 k - 5 potions of flight
 m - 12 potions of curing
 n - 4 potions of heal wounds
 s - 4 potions of might
 z - 4 potions of lignification {!q}
 B - 4 potions of brilliance
 D - 3 potions of haste
 E - 5 potions of invisibility
 F - 2 potions of berserk rage {!q}
 H - a potion of cancellation {unknown}
 O - 2 potions of magic
Miscellaneous
 J - a phial of floods
   (You found it in a Gauntlet)
 S - a fan of gales
   (You found it in a Gauntlet)
Comestibles
 f - 40 rations


   Skills:
 - Level 13.4 Fighting
 - Level 14.0 Polearms
 - Level 2.7 Throwing
 - Level 10.4 Armour
 - Level 2.8 Dodging
 * Level 6.3 Shields
 + Level 9.3 Evocations


You had 14 spell levels left.
You didn't know any spells.
Your spell library contained the following spells:

 Spells                   Type           Power        Failure   Level  Hunger
 Animate Skeleton         Necr           N/A          67%         1    ##.....
 Apportation              Tloc           #.....       67%         1    ##.....
 Confusing Touch          Hex            #.....       67%         1    ##.....
 Flame Tongue             Conj/Fire      #....        67%         1    ##.....
 Shock                    Conj/Air       #...         67%         1    ##.....
 Sting                    Conj/Pois      #...         67%         1    ##.....
 Summon Small Mammal      Summ           #...         67%         1    ##.....
 Swiftness                Chrm/Air       #.......     80%         2    ###....
 Throw Flame              Conj/Fire      #.....       80%         2    ###....
 Conjure Flame            Conj/Fire      #.......     95%         3    ####...
 Inner Flame              Hex/Fire       #.......     95%         3    ####...
 Mephitic Cloud           Conj/Pois/Air  #.......     95%         3    ####...
 Static Discharge         Conj/Air       #.......     95%         3    ####...
 Airstrike                Air            #.........   100%        4    #####..
 Sticky Flame             Conj/Fire      #.......     100%        4    #####..
 Fireball                 Conj/Fire      #.........   100%        5    ######.
 Irradiate                Conj/Tmut      #.........   100%        5    ######.
 Lightning Bolt           Conj/Air       #.........   100%        5    ######.
 Yara's Violent Unravell  Hex/Tmut       #.........   100%        5    ######.
 Statue Form              Tmut/Erth      #........    100%        6    #######


Dungeon Overview and Level Annotations

Branches:
Dungeon (15/15)            Temple (0/1) D:5            Lair (6/6) D:11
 Shoals (0/4) Lair:3       Spider (0/4) Lair:3        Slime (0/5) Lair:5
    Orc (2/2) D:10            Elf (0/3) Orc:2        Vaults (0/5) D:14
 Depths: D:15

Altars:
Elyvilon
Fedhas
Gozag
Hepliaklqana
Makhleb
Nemelex Xobeh
Qazlal
Ru
Sif Muna
Trog
Uskayaw
Wu Jian
Xom
Yredelemnul
The Shining One
Beogh

Shops:
D:5 !   D:6 =   D:7 :%[[:   D:13 %[!%(   D:15 (   Orc:1 %:(

Annotations:
D:5 exclusion: door
D:6 3 runed translucent doors, Pooter's ghost, novice DrEE
D:7 exclusion: centaur
D:13 1 runed translucent door, brevous's ghost, journeyman DDFi


Innate Abilities, Weirdness & Mutations

You have hooves in place of feet.
Armour fits poorly on your strangely shaped body.
You cover ground very quickly.
You have extremely tough skin. (AC +3)


Message History

Done exploring.
(D) Dungeon (T) Temple (L) Lair (A) Shoals (N) Spider Nest (M) Slime Pits (O) Orcish Mines (E) Elven Halls (V) Vaults
Where to? (Enter - Orc:1, ? - help)
There is a stone staircase leading down here.
You climb downwards.
You are feeling hungry.
Found a stone staircase leading up.
There is a stone staircase leading up here.
You regained 4 hp, and now have 132/136 hp.
You may need something to eat soon, looking for food.
Can't find anything matching that.
Okay, then.
You now have 1580 gold pieces (gained 16).
An orc sorcerer and an ettin come into view.
The ettin shouts in stereo!
Health restored: 136 The orc sorcerer mumbles some strange words.
The orc sorcerer gestures wildly while chanting.
Attack whom?
Aim: an ettin, wielding two +0 dire flails You reach to attack!
You barely miss the ettin.
You spin and attack the ettin.
You hit the ettin. You kick the ettin.
A troll comes into view.
The ettin hits you with a +0 dire flail!!
You block the ettin's attack.
You take 23 damage, and have 113/136 hp.
A troll comes into view.
Attack whom?
Aim: an ettin, wielding two +0 dire flails (lightly wounded)
You reach to attack!
The troll shouts! x2
You puncture the ettin!
You spin and attack the sun demon.
You hit the sun demon.
You spin and attack the ettin.
You impale the ettin!! You kick the ettin. You block the sun demon's attack.
The ettin hits you with a +0 dire flail!!
The ettin hits you but does no damage.
You take 34 damage, and have 79/136 hp.
MASSIVE DAMAGE!!
Attack whom?
Aim: an ettin, wielding two +0 dire flails (almost dead)
You reach to attack!
You puncture the ettin!
You kill the ettin!
The Council accepts your kill. The orc sorcerer casts a spell at you.
The bolt of fire hits the sun demon.
The sun demon completely resists.
The bolt of fire hits you. You resist.
You take 5 damage, and have 74/136 hp.
The sun demon hits you!
You are engulfed in flames.
You resist. You block the orange demon's attack.
You take 12 damage, and have 62/136 hp.
Attack whom?
Aim: an orc sorcerer, wielding a +0 dagger and wearing a +0 robe You reach to attack!
You barely miss the orc sorcerer. The sun demon hits you!!
You are engulfed in flames.
You resist.
* * * LOW HITPOINT WARNING * * *
The orc sorcerer gestures wildly while chanting.
The orange demon stings you but does no damage.
You take 23 damage, and have 39/136 hp.
You spin and attack the sun demon.
You barely miss the sun demon. You kick the sun demon.
The sun demon closely misses you. You block the orc sorcerer's attack.
You barely miss the orc sorcerer.
You kick the orc sorcerer, but do no damage.
The sun demon hits you!!
* * * LOW HITPOINT WARNING * * *
You are engulfed in flames!
You resist.
* * * LOW HITPOINT WARNING * * *
You take 27 damage, and have 13/136 hp.
Unknown command.
You hit the orc sorcerer. Your kick misses the orc sorcerer.
The orc sorcerer hits you but does no damage.
You block the orange demon's attack.
You puncture the orc sorcerer! The sun demon completely misses you.
You puncture the orc sorcerer! You kick the orc sorcerer.
You kill the orc sorcerer!
The Council accepts your kill.
The sun demon disappears in a puff of smoke!
The orange demon disappears in a puff of smoke!
The chaos spawn degenerates into a cloud of primal chaos!
You spin and attack the troll.
You hit the troll but do no damage.
There is a stone staircase leading up here.
You climb upwards.
The orc priest shouts!
The orc wizard shouts!
The troll shouts!
The orc priest shouts!
The orc knight shouts!
You hear a shout!
You hear a howl!
An ogre comes into view. It is wielding a +0 giant spiked club.
The orc priest mumbles some strange prayers to Beogh against you.
Beogh smites you!
* * * LOW HITPOINT WARNING * * *
An orc warrior comes into view. It is wielding a +0 trident.
An orc comes into view. It is wielding a +0 flail.
You hear a shout!
There is a stone staircase leading down here.
You take 13 damage, and have 1/136 hp.
The orc shouts!
The ogre shouts!
You hear a shout!
You climb downwards.
The troll bites you.
You die...

#....##.....#....
##...............
##.......<........
#.............#...
#............#....
#.................
#.................
#...T.............
#..@.............
#.T..............
#....).......
#...$........
#....#.......
#............
##...........
#...........
#............


You could see 2 trolls.

Vanquished Creatures
  Kirke (D:14)
  2 entropy weavers
  A minotaur (Gauntlet)
  An ettin (Orc:2)
  5 vault guards (D:14)
  A hydra (Lair:1)
  A ghost crab (Gauntlet)
  3 catoblepae (Lair:6)
  A centaur warrior (D:11)
  8 death yaks
  9 two-headed ogres
  An ogre mage (D:14)
  A queen ant (Lair:4)
  Urug (D:10)
  An orc high priest (Orc:2)
  An unseen horror (D:14)
  2 lindwurms (Lair:5)
  An orc knight (D:10)
  2 necromancers
  2 oklob plants
  An orc sorcerer (Orc:2)
  A deep elf mage (D:13)
  5 ugly things
  2 cyclopes
  3 elephants (Lair:5)
  2 manticores (Lair:6)
  Maurice (Orc:1)
  2 torpor snails
  A merfolk siren (Lair:3)
  18 spiny frogs
  7 black mambas
  2 gargoyles
  2 centaur zombies
  An efreet (D:14)
  4 rime drakes
  12 komodo dragons
  A tengu conjurer (D:14)
  A polar bear (Lair:6)
  6 hornets
  3 trolls
  3 blink frogs (Lair:4)
  7 slime creatures
  12 dream sheep (Lair:6)
  14 hippogriffs
  A shadow (D:10)
  3 wyverns
  2 vampires
  A wraith (D:13)
  2 fire bats (Lair:1)
  37 yaks
  A hog (D:14)
  5 humans (D:14)
  8 vampire mosquitoes (D:14)
  4 basilisks
  3 steam dragons (D:9)
  2 hungry ghosts
  12 soldier ants
  6 acid dragons
  16 water moccasins
  18 porcupines
  5 orc warriors
  7 ice beasts
  A black bear (Lair:4)
  2 sky beasts
  A necrophage (D:14)
  An eye of draining (D:14)
  4 phantoms
  11 ogres
  4 centaurs
  8 wolves
  16 crocodiles
  2 big kobolds
  17 bullfrogs
  A gnoll sergeant (D:9)
  Blork the orc (D:6)
  A wyvern skeleton (D:14)
  6 scorpions
  A water moccasin skeleton (D:5)
  7 killer bees
  8 wights
  7 howler monkeys
  6 crimson imps
  A bullfrog zombie (D:13)
  A quasit (D:12)
  16 jellies
  8 orc priests
  3 hounds
  5 centaur skeletons
  Ijyb (D:5)
  19 orc wizards
  2 iguanas
  A polar bear simulacrum (Lair:6)
  36 worker ants
  6 yak simulacra (Lair:6)
  4 wolf simulacra (Lair:6)
  A worker ant zombie (D:6)
  5 gnolls (D:9)
  7 adders
  2 river rats (Sewer)
  A shadow imp (D:5)
  10 oozes (Lair:1)
  7 worms
  2 dart slugs
  6 leopard geckos
  80 orcs
  8 giant cockroaches
  12 goblins
  8 hobgoblins
  15 jackals
  9 quokkas
  6 ball pythons
  12 bats
  7 frilled lizards
  A jackal zombie (D:6)
  18 kobolds
  17 rats
  A plant (D:11)
  A withered plant (Gauntlet)
733 creatures vanquished.

Vanquished Creatures (others)
  4 humans (D:14)
  11 fungi
  19 plants
  5 withered plants (Gauntlet)
39 creatures vanquished.

Grand Total: 772 creatures vanquished

Notes
Turn   | Place    | Note
-------+----------+-------------------------------------------
     0 | D:1      | Firecrotchwizard the Centaur Gladiator began the quest for
                  | the Orb.
     0 | D:1      | Reached XP level 1. HP: 17/17 MP: 1/1
   213 | D:1      | Reached XP level 2. HP: 15/24 MP: 2/2
  1023 | D:1      | Reached skill level 3 in Polearms
  1174 | D:2      | Reached XP level 3. HP: 30/30 MP: 3/3
  1506 | D:2      | Found a hazy altar of Hepliaklqana.
  1514 | D:2      | Found a glowing golden altar of the Shining One.
  1514 | D:2      | Found an opulent altar of Gozag.
  1515 | D:2      | Found an ornate altar of the Wu Jian Council.
  1527 | D:2      | Became a worshipper of the Wu Jian Council
  1725 | D:2      | Found a sparkling altar of Nemelex Xobeh.
  1838 | D:3      | Reached XP level 4. HP: 21/37 MP: 4/4
  1998 | D:2      | HP: 9/37 [orc/+0 dagger (5)]
  2322 | D:3      | Found a shimmering altar of Xom.
  2324 | D:3      | Found a shimmering altar of Xom.
  2324 | D:3      | Found a shimmering altar of Xom.
  2324 | D:3      | Found a shimmering altar of Xom.
  2366 | D:3      | Reached skill level 3 in Fighting
  2428 | D:3      | Found a basalt altar of Yredelemnul.
  2446 | D:3      | Reached * piety under Wu Jian
  2494 | D:3      | Reached XP level 5. HP: 31/45 MP: 5/5
  2750 | D:3      | Reached skill level 4 in Polearms
  3181 | D:4      | Found a glowing drain.
  3204 | Sewer    | Entered a sewer
  3291 | Sewer    | Reached ** piety under Wu Jian
  3507 | D:4      | Reached skill level 1 in Armour
  3515 | D:4      | Reached XP level 6. HP: 31/51 MP: 6/6
  3887 | D:4      | Found a stormy altar of Qazlal.
  4066 | D:5      | Entered Level 5 of the Dungeon
  4261 | D:5      | Reached skill level 4 in Fighting
  4261 | D:5      | Reached skill level 5 in Polearms
  4427 | D:5      | Noticed an ice beast
  4453 | D:5      | Killed an ice beast
  4453 | D:5      | Reached XP level 7. HP: 30/59 MP: 7/7
  4634 | D:5      | Noticed Ijyb
  4642 | D:5      | Killed Ijyb
  4650 | D:5      | Reached skill level 2 in Armour
  4680 | D:5      | Found a staircase to the Ecumenical Temple.
  5372 | D:5      | Reached skill level 6 in Polearms
  5552 | D:5      | Found a deep blue altar of Sif Muna.
  5598 | D:5      | Found Ruadot's Distillery.
  5610 | D:5      | Bought a potion of heal wounds for 70 gold pieces
  5610 | D:5      | Bought a potion of heal wounds for 70 gold pieces
  6011 | D:6      | Reached skill level 5 in Fighting
  6024 | D:6      | Found a runed translucent gate.
  6024 | D:6      | Noticed Pooter's ghost (novice DrEE)
  6025 | D:6      | Found a runed translucent gate.
  6026 | D:6      | Found a runed translucent gate.
  6029 | D:6      | Found a roughly hewn altar of Beogh.
  6110 | D:6      | Reached XP level 8. HP: 51/68 MP: 8/8
  6216 | D:6      | Noticed Blork the orc
  6223 | D:6      | Killed Blork the orc
  6383 | D:6      | Reached *** piety under Wu Jian
  6433 | D:6      | Reached skill level 7 in Polearms
  6433 | D:6      | Reached skill level 3 in Armour
  7275 | D:6      | Found Onielafo's Jewellery Emporium.
  7358 | D:7      | Found Cobb's Armour Boutique.
  7371 | D:7      | Reached skill level 6 in Fighting
  7452 | D:7      | Found Enoob's Book Shop.
  7804 | D:7      | Reached skill level 8 in Polearms
  7804 | D:7      | Reached XP level 9. HP: 45/75 MP: 9/9
  8067 | D:7      | Found Hudiw's Antique Armour Shop.
  8112 | D:7      | Reached skill level 4 in Armour
  8113 | D:7      | Found Riele's Food Shoppe.
  8197 | D:7      | Found a white marble altar of Elyvilon.
  8602 | D:7      | Found Tamnayt's Book Emporium.
  8737 | D:8      | Paralysed by fainting for 12 turns
  8819 | D:8      | Found a hide-covered altar of Uskayaw.
  8905 | D:8      | Reached **** piety under Wu Jian
  8937 | D:8      | Reached skill level 9 in Polearms
  9080 | D:8      | Identified the cursed +1 long sword of the Nine Allies
                  | {venom, Fragile rN++ MP+9 Str+2}
  9099 | D:8      | Reached skill level 7 in Fighting
  9660 | D:9      | Noticed a troll
  9686 | D:9      | Killed a troll
 10079 | D:9      | Noticed a moth of wrath
 10082 | D:9      | Found a bloodstained altar of Trog.
 10224 | D:9      | Reached skill level 5 in Armour
 10224 | D:9      | Reached XP level 10. HP: 79/86 MP: 10/10
 10582 | D:9      | Found a sacrificial altar of Ru.
 10981 | D:10     | Entered Level 10 of the Dungeon
 11098 | D:10     | Reached skill level 10 in Polearms
 11264 | D:10     | Found a staircase to the Orcish Mines.
 11334 | D:10     | Noticed Urug
 11464 | D:10     | HP: 13/88 [Urug/+2 demon trident of electrocution (19)]
 11470 | D:10     | Killed Urug
 11470 | D:10     | Reached skill level 8 in Fighting
 11489 | D:10     | Noticed an orc knight
 11660 | D:10     | Noticed a gargoyle
 11667 | D:10     | Killed a gargoyle
 11674 | D:10     | Noticed a two-headed ogre
 11714 | D:10     | Killed a two-headed ogre
 11917 | D:10     | Killed an orc knight
 11917 | D:10     | Reached skill level 11 in Polearms
 12080 | D:10     | Reached skill level 6 in Armour
 12770 | D:11     | Reached XP level 11. HP: 95/95 MP: 11/11
 12887 | D:11     | Found a staircase to the Lair.
 12898 | D:11     | Noticed an oklob plant
 12912 | D:11     | Killed an oklob plant
 13055 | Lair:1   | Entered Level 1 of the Lair of Beasts
 13081 | Lair:1   | Found a burning altar of Makhleb.
 13122 | Lair:1   | Found a gate leading to a gauntlet.
 13126 | Gauntlet | Entered a Gauntlet
 13126 | Gauntlet | Found a transporter.
 13126 | Gauntlet | Noticed a death yak
 13127 | Gauntlet | Found a runed translucent door.
 13127 | Gauntlet | Noticed a death yak
 13129 | Gauntlet | Found a transporter.
 13129 | Gauntlet | Noticed a death yak
 13131 | Gauntlet | Found a runed translucent door.
 13135 | Gauntlet | Noticed a necromancer
 13141 | Gauntlet | Found a transporter.
 13145 | Gauntlet | Found a transporter.
 13154 | Gauntlet | Noticed a ghost crab
 13159 | Gauntlet | Found a transporter.
 13175 | Gauntlet | Found a transporter.
 13177 | Gauntlet | Noticed a blizzard demon
 13188 | Gauntlet | Found a transporter.
 13191 | Gauntlet | Noticed a large abomination
 13210 | Gauntlet | Found a transporter.
 13211 | Gauntlet | Found a transporter.
 13219 | Gauntlet | Found a transporter.
 13236 | Gauntlet | Identified an amulet "Kuudadil" {Reflect +Fly rF+ SH+2}
 13237 | Gauntlet | Found a transporter.
 13241 | Gauntlet | Found a transporter.
 13294 | Gauntlet | Killed a necromancer
 13294 | Gauntlet | Reached skill level 9 in Fighting
 13310 | Gauntlet | Killed a death yak
 13522 | Gauntlet | Killed a ghost crab
 13559 | Gauntlet | Got a faintly glowing pewter ring
 13573 | Gauntlet | Identified the cursed ring of Jyilir {EV-3 Int+4} (You
                  | found it in a Gauntlet)
 13588 | Gauntlet | Noticed a minotaur
 13599 | Gauntlet | HP: 24/97 [minotaur (14)]
 13601 | Gauntlet | Killed a minotaur
 13609 | Gauntlet | Got a heavily runed ring mail
 13609 | Gauntlet | Got an agate-encrusted ring mail
 13620 | Gauntlet | Identified the +4 ring mail of Rationality {rPois rC+ Str+4
                  | Stlth-} (You found it in a Gauntlet)
 13630 | Gauntlet | Identified the cursed +0 ring mail of Bawud {Stlth+} (You
                  | found it in a Gauntlet)
 13896 | Lair:1   | Reached skill level 12 in Polearms
 14217 | Lair:1   | Identified Onytt's Almanac of Unstable Venom
 14275 | Lair:1   | Reached ***** piety under Wu Jian
 14344 | Lair:1   | Noticed an eight-headed hydra
 14352 | Lair:1   | Killed an eight-headed hydra
 14509 | Lair:1   | Reached skill level 7 in Armour
 14804 | Lair:1   | Reached skill level 10 in Fighting
 15428 | Lair:2   | Reached XP level 12. HP: 106/106 MP: 12/12
 15820 | Lair:2   | Reached skill level 13 in Polearms
 16943 | Lair:3   | Found a staircase to the Shoals.
 16975 | Lair:3   | Found a hole to the Spider Nest.
 17732 | Lair:4   | Reached skill level 8 in Armour
 17758 | Lair:4   | Noticed an entropy weaver
 17759 | Lair:4   | Noticed a queen ant
 17771 | Lair:4   | Killed an entropy weaver
 17809 | Lair:4   | Killed a queen ant
 17809 | Lair:4   | Reached skill level 11 in Fighting
 17810 | Lair:4   | Noticed an entropy weaver
 18000 | Lair:3   | Killed an entropy weaver
 18003 | Lair:3   | Reached skill level 14 in Polearms
 18614 | Lair:4   | Reached skill level 1 in Evocations
 18614 | Lair:4   | Reached XP level 13. HP: 111/116 MP: 13/13
 18817 | Lair:4   | Reached skill level 2 in Evocations
 19108 | Lair:4   | Reached ****** piety under Wu Jian
 19178 | Lair:4   | You fall through a shaft for 2 floors!
 19178 | Lair:6   | Entered Level 6 of the Lair of Beasts
 19530 | Lair:6   | Reached skill level 3 in Evocations
 19633 | Lair:6   | Reached skill level 9 in Armour
 20104 | Lair:5   | Reached skill level 12 in Fighting
 20104 | Lair:5   | Reached skill level 4 in Evocations
 21263 | Lair:5   | Reached skill level 5 in Evocations
 21513 | Lair:5   | Found a staircase to the Slime Pits.
 22335 | Lair:6   | Reached XP level 14. HP: 127/127 MP: 18/18
 22419 | Lair:6   | Reached skill level 6 in Evocations
 22971 | Lair:6   | Reached skill level 10 in Armour
 23013 | Lair:6   | Reached skill level 13 in Fighting
 23634 | Lair:6   | Reached skill level 7 in Evocations
 25173 | D:12     | You fall through a shaft for 3 floors!
 25173 | D:15     | Entered Level 15 of the Dungeon
 25188 | D:15     | Found Fieduenn's Antique Weapon Emporium.
 25493 | D:13     | Found Efixurph's Food Shop.
 25529 | D:12     | Reached skill level 1 in Shields
 26014 | D:12     | Reached skill level 2 in Shields
 26690 | D:13     | Found Gipra's Distillery.
 26717 | D:13     | Found Seprug's Antique Armour Emporium.
 26729 | D:13     | Bought an embroidered cloak for 240 gold pieces
 26905 | D:13     | Reached skill level 8 in Evocations
 26915 | D:13     | Reached skill level 3 in Shields
 27005 | D:13     | Found Akicioh's Food Boutique.
 27048 | D:13     | Found a blossoming altar of Fedhas.
 27096 | D:13     | Found Dyfiuczaxti's Weapon Boutique.
 27122 | D:13     | Found a runed translucent door.
 27124 | D:13     | Noticed brevous's ghost (journeyman DDFi)
 27664 | D:14     | Noticed Kirke
 27680 | D:14     | Killed Kirke
 27680 | D:14     | Reached skill level 4 in Shields
 27900 | D:14     | Identified the +6 great sword "Demonslayer" {slice, +Inv
                  | Str+3 Dex-4 Stlth+}
 27910 | D:14     | Reached XP level 15. HP: 115/136 MP: 21/21
 27919 | D:14     | Identified the cursed +3 great sword of Crusades {flame,
                  | rF++ MR+ Str-5 Stlth+}
 27949 | D:14     | Found a gate to the Vaults.
 28131 | D:14     | Reached skill level 5 in Shields
 28525 | D:14     | Reached skill level 9 in Evocations
 28797 | Orc:1    | Entered Level 1 of the Orcish Mines
 28855 | Orc:1    | Found Pinemn's Antique Weapon Shop.
 28857 | Orc:1    | Found a burning altar of Makhleb.
 29111 | Orc:1    | Found Epri Bugge's Book Shoppe.
 29114 | Orc:1    | Found Begoif's Food Boutique.
 29129 | Orc:1    | Reached skill level 6 in Shields
 29151 | Orc:1    | You fall through a shaft!
 29151 | Orc:2    | Entered Level 2 of the Orcish Mines
 29151 | Orc:2    | Found a staircase to the Elven Halls.
 29569 | Orc:1    | Noticed Maurice
 29579 | Orc:1    | Killed Maurice
 29605 | Orc:1    | Found a roughly hewn altar of Beogh.
 29693 | Orc:2    | HP: 21/136 [sun demon[an orc sorcerer] (19)]
 29700 | Orc:1    | HP: 1/136 [orc priest/divine providence (14)]
 29702 | Orc:2    | Slain by a troll

Levels and vault maps discovered:
D:1:      minmay_arrival_shattered_statue, layout_basic, kennysheep_small_spiral
D:2:      layout_rooms, nicolae_overflow_hidden_temple, nemelex_altar_shiori,
          gammafunk_temple_overflow_claw
D:3:      layout_basic, lemuel_doored_altar, xom_redecorated
D:4:      layout_cave_pools, lemuel_coloured_pillars_altar, serial_column_ruins,
          column_ruins_open_tiny, column_ruins_grid_1, column_ruins_grid_4,
          column_ruins_grid_1, column_ruins_open_tiny, gup_sewer_entry_glass,
          first_ration
D:5:      layout_layer_cave, led_sif_book, minmay_temple_entry_stoned_glass,
          serial_shops, nicolae_shop_waterfront, kennysheep_small_square,
          uniq_ijyb
D:6:      layout_loops_cross, biasface_ghost_orc_armoury, serial_shops,
          kennysheep_little_box, minmay_alternating_orb, uniq_blork_the_orc
D:7:      layout_rooms, elyvilon_altar_3, serial_shops, nicolae_shop_stone,
          shop, shop, shop_fountains, nicolae_shop_statue_plus,
          kb_lookout_dungeons_type
D:8:      layout_loops_cross, marbit_many_paths
D:9:      cheibrodos_steamvent, layout_layer_cave, kennysheep_mini_moat,
          tgw_trog
D:10:     layout_basic, orc_david_3, uniq_urug
D:11:     layout_cave_pools, dpeg_oklobed_lair
D:12:     layout_loops_corners
D:13:     layout_roguey, ebering_ghost_reflecting_pool, serial_shops, shop,
          shop, shop, shop, shop, hangedman_pestilent_swarm, fedhas_altar_4
D:14:     layout_basic, ximxim_vaults_locker_room,
          hangedman_decor_diamond_cutter, uniq_kirke
D:15:     hangedman_depths_entry_civil_slaughter, layout_rooms,
          hangedman_abyss_or_decor_stagger, serial_shops,
          nicolae_shop_window_shopping
Lair:1:   lemuel_slime, layout_gridlike, gauntlet_entry_generic, basic_altar,
          special_room [special_room_bee], grunt_megastairs_2, lemuel_fruit_tree
Lair:2:   layout_gridlike, serial_bayou_shore_b, infiniplex_staircase_pool_2
Lair:3:   layout_concentric_octagons, minmay_shoals_entry_lonely_mermaid,
          nicolae_spider_entry_non_spiders, beast_lair_carwin_8
Lair:4:   layout_layer_cave, st_stairs_4, minmay_another_anthill
Lair:5:   cheibrodos_lair_overgrown_chateau, layout_long_grid, slime_dummy
Lair:6:   evilmike_catoblepas_cave, layout_hall_layers, minivault_26,
          st_stairs_3, eino_house_with_fridge
Orc:1:    layout_caves, basic_altar, serial_shops, nicolae_shop_stone,
          nicolae_shop_waterfront, shop, shop, nicolae_shop_waterfront,
          lemuel_statue_altar, uniq_maurice
Orc:2:    st_orc_town, layout_caves, nicolae_orc_damp_corner, uniq_donald
Sewer:    sewer_co_cracked_pipes
Gauntlet: minmay_gauntlet_mixed_oops_all_seconds
          [minmay_gauntlet_arena_77_shame_cube,
          nicolae_gauntlet_arena_flowing_pool,
          minmay_gauntlet_arena_77_terracotta_army,
          gammafunk_gauntlet_arena_arrow_garden,
          minmay_gauntlet_arena_77_block_sizes, gammafunk_gauntlet_arena_crates,
          gauntlet_exit_green]

Skill      XL: |  1  2  3  4  5  6  7  8  9 10 11 12 13 14 15 |
---------------+----------------------------------------------+-----
Polearms       | 3 4 5 6 8 9 11 12 14 | 14.0
Fighting       | 3 4 5 6 7 8 10 11 12 13 | 13.4
Armour         | 1 2 3 5 6 7 8 9 10 | 10.4
Evocations     | 1 5 8 9 |  9.3
Shields        | 4 6 |  6.3
Throwing       | |  2.7
Dodging        | |  2.8

Action                   |  1- 3 |  4- 6 |  7- 9 | 10-12 | 13-15 || total
-------------------------+-------+-------+-------+-------+-------++-------
Melee: Trident           |   139 |   218 |   505 |    70 |       ||   932
       Kick              |    16 |    48 |   107 |   138 |   288 ||   597
       Demon trident     |       |       |       |   468 |  1099 ||  1567
Throw: Javelin           |     2 |    32 |    53 |   180 |   170 ||   437
Invok: Lunge             |     2 |    17 |    21 |    16 |    30 ||    86
       Whirlwind         |       |    11 |    20 |    19 |    39 ||    89
       Serpent's Lash    |       |       |       |     2 |       ||     2
 Abil: Wall Jump         |       |       |     3 |       |       ||     3
Evoke: Wand              |       |       |     2 |       |     1 ||     3
  Use: Scroll            |       |    10 |     4 |    12 |     9 ||    35
       Potion            |       |       |     1 |     6 |       ||     7
 Stab: Distracted        |       |       |     1 |     1 |       ||     2
       Sleeping          |       |       |       |     1 |       ||     1
  Eat: Chunk             |     2 |     7 |    16 |    17 |    30 ||    72
       Ration            |       |       |     1 |     2 |       ||     3
Armor: Leather armour    |    56 |     7 |       |       |       ||    63
       Scale mail        |       |    25 |       |       |       ||    25
       Chain mail        |       |    72 |   302 |    12 |       ||   386
       Steam dragon scal |       |       |       |    31 |       ||    31
       Ring mail         |       |       |       |    92 |   217 ||   309
Dodge: Dodged            |    56 |    53 |   132 |   116 |   180 ||   537
Block: Shield            |       |       |       |       |   119 ||   119

Table legend:
 A = Non-vault XP
 B = Vault XP
 C = Vault XP percentage of total XP
 D = Non-vault monster count
 E = Vault monster count
 F = Vault count percentage of total count
                 A         B        C        D         E       F
            +---------+---------+-------+---------+---------+-------
      Total |   73666 |   45636 |  38.3 |     523 |     209 |  28.6
            +---------+---------+-------+---------+---------+-------
        D:1 |      38 |       0 |   0.0 |      23 |       0 |   0.0
        D:2 |      58 |       0 |   0.0 |      22 |       0 |   0.0
        D:3 |     181 |       0 |   0.0 |      40 |       0 |   0.0
        D:4 |     126 |       2 |   1.6 |       7 |       1 |  12.5
        D:5 |     766 |      86 |  10.1 |      21 |       3 |  12.5
        D:6 |     767 |     583 |  43.2 |      25 |      11 |  30.6
        D:7 |    1035 |       0 |   0.0 |      25 |       0 |   0.0
        D:8 |     962 |       0 |   0.0 |      24 |       0 |   0.0
        D:9 |    1149 |     560 |  32.8 |      19 |       8 |  29.6
       D:10 |    2924 |    1462 |  33.3 |      25 |       6 |  19.4
       D:11 |    6293 |     587 |   8.5 |      37 |       1 |   2.6
       D:12 |    5420 |       0 |   0.0 |      37 |       0 |   0.0
       D:13 |    2220 |     496 |  18.3 |      11 |       4 |  26.7
       D:14 |   12017 |    8313 |  40.9 |      42 |      13 |  23.6
     Lair:1 |    4929 |     978 |  16.6 |      22 |      25 |  53.2
     Lair:2 |    5170 |       0 |   0.0 |      21 |       0 |   0.0
     Lair:3 |    1105 |    3856 |  77.7 |       6 |      20 |  76.9
     Lair:4 |    6709 |    4943 |  42.4 |      27 |      33 |  55.0
     Lair:5 |    8226 |    4932 |  37.5 |      28 |      18 |  39.1
     Lair:6 |    8596 |   13787 |  61.6 |      36 |      38 |  51.4
      Orc:1 |    2132 |     469 |  18.0 |      16 |       1 |   5.9
      Orc:2 |    2843 |     839 |  22.8 |       9 |       2 |  18.2
      Sewer |       0 |      49 | 100.0 |       0 |      21 | 100.0
   Gauntlet |       0 |    3694 | 100.0 |       0 |       4 | 100.0
            +---------+---------+-------+---------+---------+-------

Levels and vault maps discovered:
D:1:      minmay_arrival_shattered_statue, layout_basic, kennysheep_small_spiral
D:2:      layout_rooms, nicolae_overflow_hidden_temple, nemelex_altar_shiori,
          gammafunk_temple_overflow_claw
D:3:      layout_basic, lemuel_doored_altar, xom_redecorated
D:4:      layout_cave_pools, lemuel_coloured_pillars_altar, serial_column_ruins,
          column_ruins_open_tiny, column_ruins_grid_1, column_ruins_grid_4,
          column_ruins_grid_1, column_ruins_open_tiny, gup_sewer_entry_glass,
          first_ration
D:5:      layout_layer_cave, led_sif_book, minmay_temple_entry_stoned_glass,
          serial_shops, nicolae_shop_waterfront, kennysheep_small_square,
          uniq_ijyb
D:6:      layout_loops_cross, biasface_ghost_orc_armoury, serial_shops,
          kennysheep_little_box, minmay_alternating_orb, uniq_blork_the_orc
D:7:      layout_rooms, elyvilon_altar_3, serial_shops, nicolae_shop_stone,
          shop, shop, shop_fountains, nicolae_shop_statue_plus,
          kb_lookout_dungeons_type
D:8:      layout_loops_cross, marbit_many_paths
D:9:      cheibrodos_steamvent, layout_layer_cave, kennysheep_mini_moat,
          tgw_trog
D:10:     layout_basic, orc_david_3, uniq_urug
D:11:     layout_cave_pools, dpeg_oklobed_lair
D:12:     layout_loops_corners
D:13:     layout_roguey, ebering_ghost_reflecting_pool, serial_shops, shop,
          shop, shop, shop, shop, hangedman_pestilent_swarm, fedhas_altar_4
D:14:     layout_basic, ximxim_vaults_locker_room,
          hangedman_decor_diamond_cutter, uniq_kirke
D:15:     hangedman_depths_entry_civil_slaughter, layout_rooms,
          hangedman_abyss_or_decor_stagger, serial_shops,
          nicolae_shop_window_shopping
Lair:1:   lemuel_slime, layout_gridlike, gauntlet_entry_generic, basic_altar,
          special_room [special_room_bee], grunt_megastairs_2, lemuel_fruit_tree
Lair:2:   layout_gridlike, serial_bayou_shore_b, infiniplex_staircase_pool_2
Lair:3:   layout_concentric_octagons, minmay_shoals_entry_lonely_mermaid,
          nicolae_spider_entry_non_spiders, beast_lair_carwin_8
Lair:4:   layout_layer_cave, st_stairs_4, minmay_another_anthill
Lair:5:   cheibrodos_lair_overgrown_chateau, layout_long_grid, slime_dummy
Lair:6:   evilmike_catoblepas_cave, layout_hall_layers, minivault_26,
          st_stairs_3, eino_house_with_fridge
Orc:1:    layout_caves, basic_altar, serial_shops, nicolae_shop_stone,
          nicolae_shop_waterfront, shop, shop, nicolae_shop_waterfront,
          lemuel_statue_altar, uniq_maurice
Orc:2:    st_orc_town, layout_caves, nicolae_orc_damp_corner, uniq_donald
Sewer:    sewer_co_cracked_pipes
Gauntlet: minmay_gauntlet_mixed_oops_all_seconds
          [minmay_gauntlet_arena_77_shame_cube,
          nicolae_gauntlet_arena_flowing_pool,
          minmay_gauntlet_arena_77_terracotta_army,
          gammafunk_gauntlet_arena_arrow_garden,
          minmay_gauntlet_arena_77_block_sizes, gammafunk_gauntlet_arena_crates,
          gauntlet_exit_green]

Table legend:
 A = Turns spent in this place as a percentage of turns spent in the entire game.
 B = Non-inter-level travel turns spent in this place as a percentage of non-inter-level travel turns spent in the entire game.
 C = Inter-level travel turns spent in this place as a percentage of turns spent in this place.
 D = Turns resting spent in this place as a percentage of non-inter-level travel turns spent in this place.
 E = Turns spent auto-exploring this place as a percentage of non-inter-level travel turns spent in this place.
 F = Non-inter-level travel turns spent in this place divided by the number of levels of this place that you've seen.
                   A       B       C       D       E      F
               +-------+-------+-------+-------+-------+----------------------
         Total | 100.0 | 100.0 |   2.5 |  33.5 |  45.8 | 1158.1
       Dungeon |  59.2 |  59.0 |   2.8 |  33.0 |  47.5 | 1139.0
          Lair |  34.2 |  34.3 |   2.3 |  36.3 |  45.1 | 1655.7
  Orcish Mines |   3.0 |   3.1 |   1.7 |  13.4 |  53.6 | 445.0
         Sewer |   1.0 |   1.0 |   0.0 |   0.0 |  47.4 | 289.0
      Gauntlet |   2.5 |   2.6 |   0.0 |  44.5 |   6.6 | 755.0
               +-------+-------+-------+-------+-------+----------------------

Table legend:
 A = Kills in this place as a percentage of kills in entire the game.
 B = Kills by you in this place as a percentage of kills by you in the entire game.
 C = Kills by friends in this place as a percentage of kills by friends in the entire game.
 D = Other kills in this place as a percentage of other kills in the entire game.
 E = Experience gained in this place as a percentage of experience gained in the entire game.
 F = Experience gained in this place divided by the number of levels of this place that you have seen.
                   A       B       C       D       E      F
               +-------+-------+-------+-------+-------+----------------------
         Total | 100.0 | 100.0 |   N/A | 100.0 | 100.0 | 4772.1
       Dungeon |  55.3 |  55.3 |   N/A | 100.0 |  38.6 | 3069.7
          Lair |  37.4 |  37.5 |   N/A |   0.0 |  53.0 | 10538.5
  Orcish Mines |   3.8 |   3.8 |   N/A |   0.0 |   5.3 | 3141.5
         Sewer |   2.9 |   2.9 |   N/A |   0.0 |   0.0 |  49.0
      Gauntlet |   0.5 |   0.5 |   N/A |   0.0 |   3.1 | 3694.0
               +-------+-------+-------+-------+-------+----------------------
